 Dungeon Crawl Stone Soup version 0.19-a0-816-geccf914 (webtiles) character file.

1711 MrRokkomies the Grappler (level 8, 0/75 HPs)
             Began as a Troll Chaos Knight on June 29, 2016.
             Slain by Blork the orc
             ... wielding a +2 halberd of venom
              (15 damage)
             ... on level 6 of the Dungeon on July 2, 2016.
             The game lasted 00:14:45 (3834 turns).

MrRokkomies the Grappler (Troll Chaos Knight)       Turns: 3834, Time: 00:14:45

Health: 0/75       AC:  9    Str: 21    XL:     8   Next: 74%
Magic:  16/16      EV:  9    Int:  8    God:    Xom [.....*]
Gold:   326        SH:  0    Dex: 11    Spells: 0 memorised, 7 levels left

rFire  . . .     SeeInvis .       - Unarmed
rCold  . . .     Gourm    +     a - +2 robe
rNeg   . . .     Faith    .     c - +2 shield
rPois  .         Spirit   .     (helmet restricted)
rElec  .         Dismiss  .     f - +1 cloak
rCorr  .         Reflect  .     (gloves unavailable)
SustAt .         Harm     .     (boots unavailable)
MR     .....                    (no amulet)
Stlth  +.........               (no ring)
                                n - ring of magical power

@: confused, lethally poisoned (0 -> -30), cleaving, not resistant to hostile
enchantments, very unstealthy
A: unfitting armour, claws 3, fast metabolism 3, gourmand, regeneration 2,
shaggy fur 1, tough skin 2
a: Renounce Religion


You were on level 6 of the Dungeon.
You worshipped Xom.
You were Xom's teddy bear.
You were not hungry.

You visited 1 branch of the dungeon, and saw 6 of its levels.

You collected 326 gold pieces.

Inventory:

Missiles
 e - 5 large rocks (quivered)
 u - 56 poisoned needles
 v - 13 tomahawks
Armour
 a - a +2 robe (worn)
 c - a +2 shield (worn)
 f - a +1 cloak (worn)
Jewellery
 n - a ring of magical power (left claw)
Wands
 s - a wand of digging (13/24)
 w - a wand of digging (16/24)
 y - a wand of digging (10/24)
Scrolls
 d - a scroll of remove curse
 g - 2 scrolls of teleportation
 r - a scroll of recharging
 x - a scroll of magic mapping
Potions
 i - a potion of invisibility
 j - a potion of flight
 k - a potion of agility
 t - a potion of ambrosia
 A - a potion of might {unknown}
 B - a potion of haste {unknown}
Comestibles
 b - 5 bread rations
 l - 2 beef jerkies
 m - a royal jelly
 p - 2 meat rations


   Skills:
 * Level 3.3 Fighting
 * Level 3.3 Throwing
 - Level 1.9 Dodging
 - Level 5.6 Shields
 - Level 8.0 Unarmed Combat


You had 7 spell levels left.
You didn't know any spells.

Dungeon Overview and Level Annotations

Branches:
Dungeon (6/15)             Temple (0/1) D:4

Altars:
Gozag
Nemelex Xobeh

Annotations:
D:6 Blork the orc


Innate Abilities, Weirdness & Mutations

You are too large for most types of armour.
You have claws for hands.
Your metabolism is lightning-fast.
You like to eat raw meat.
You heal very quickly.
You are covered in fur. (AC +1)
You have very tough skin. (AC +2)


Message History

You feel very sick. Something hits you but does no damage.
You are more poisoned.
You are confused.
You feel invigorated.
* * * LOW HITPOINT WARNING * * *
You feel very sick. Something hits you but does no damage.
You bump into the rock wall.
* * * LOW HITPOINT WARNING * * *
You feel very sick. Something hits you.
* * * LOW HITPOINT WARNING * * *
You are more poisoned.
You closely miss something.
* * * LOW HITPOINT WARNING * * *
You feel very sick. Something hits you!
You die... "It's all fun and games until someone loses an eye."

.####### #.#...# .#
.......# ....>###.###
..####.## #####...(. ....
........# #........ ...#
..####..####.# #..###...###
>###.........###..#.$.....#
..............((.(((.<.....
###..#..#.##....{(#...<....
#<.#..#.##.###@####...(.)
#..#..#.##.# #(# ....##
#..#..#.##.###(### .#.#
#..#..#.##...........# #
#..#...........#######
#..#.##.######## #.##.#
#.##.# #.##.#


There were no monsters in sight!

Vanquished Creatures
  The ghost of zervinho the Basher, an amateur MiBe of Trog (D:4)
  Grinder (D:5)
  Menkaure (D:5)
  Edmund (D:5)
  A phantom (D:5)
  2 ogres
  3 centaurs
  A scorpion (D:4)
  2 jellies
  3 orc priests
  A giant frog skeleton (D:4)
  4 orc wizards
  5 worker ants
  A hound zombie (D:6)
  A worker ant zombie (D:5)
  4 adders
  An adder zombie (D:6)
  A worm (D:5)
  3 giant geckos
  14 orcs
  4 ball pythons
  6 giant cockroaches
  12 hobgoblins
  4 jackals (D:4)
  4 kobolds
  4 bats
  4 giant newts
  4 goblins
  A jackal skeleton (D:4)
  3 rats
97 creatures vanquished.

Notes
Turn   | Place    | Note
--------------------------------------------------------------
     0 | D:1      | MrRokkomies the Troll Chaos Knight began the quest for the Orb.
     0 | D:1      | Reached XP level 1. HP: 22/22 MP: 0/0
   279 | D:1      | Reached XP level 2. HP: 27/29 MP: 1/1
   288 | D:1      | Reached skill level 1 in Shields
   524 | D:1      | XOM: harmless Ice miscast
   734 | D:1      | Found a sparkling altar of Nemelex Xobeh.
   948 | D:2      | XOM: divination: magic mapping
  1118 | D:2      | Reached XP level 3. HP: 36/36 MP: 2/2
  1452 | D:2      | XOM: cloud trail
  1538 | D:2      | XOM: mild Chrm miscast
  1748 | D:3      | Reached XP level 4. HP: 44/44 MP: 3/3
  1995 | D:3      | Noticed a centaur
  1999 | D:3      | XOM is BORED!
  1999 | D:3      | XOM: swap monsters
  2003 | D:3      | Killed a centaur
  2003 | D:3      | Reached skill level 4 in Unarmed Combat
  2003 | D:3      | Reached XP level 5. HP: 48/50 MP: 4/4
  2055 | D:3      | Found an opulent altar of Gozag.
  2234 | D:3      | XOM: potion effect (might)
  2236 | D:3      | Reached skill level 5 in Unarmed Combat
  2440 | D:4      | Noticed an ogre
  2442 | D:4      | Noticed zervinho's ghost (amateur MiBe)
  2444 | D:4      | Reached XP level 6. HP: 52/59 MP: 5/5
  2454 | D:4      | XOM: enchant monster (bad)
  2455 | D:4      | XOM: cast spell 'Summon Ice Beast'
  2462 | D:4      | Killed zervinho's ghost
  2462 | D:4      | Reached skill level 6 in Unarmed Combat
  2462 | D:4      | Reached XP level 7. HP: 42/66 MP: 6/6
  2523 | D:4      | XOM: confusion (+ monsters)
  2595 | D:4      | Found a staircase to the Ecumenical Temple.
  2758 | D:4      | XOM: god gift: scroll labeled IKKAUCWE LEMU {god gift}
  2778 | D:4      | XOM: harmless Fire miscast
  2783 | D:4      | Reached skill level 5 in Shields
  3085 | D:5      | Entered Level 5 of the Dungeon
  3085 | D:5      | Noticed Grinder
  3090 | D:5      | Killed Grinder
  3090 | D:5      | Reached skill level 7 in Unarmed Combat
  3090 | D:5      | Reached XP level 8. HP: 74/74 MP: 7/7
  3110 | D:5      | Noticed Menkaure
  3112 | D:5      | Killed Menkaure
  3160 | D:5      | Reached skill level 1 in Throwing
  3272 | D:5      | Noticed Edmund
  3284 | D:5      | Killed Edmund
  3366 | D:5      | Reached skill level 8 in Unarmed Combat
  3503 | D:5      | XOM is BORED!
  3503 | D:5      | XOM: summons 3 hostile shadow creatures
  3660 | D:5      | XOM: harmless Air miscast
  3774 | D:6      | Gained mutation: You are resistant to hostile enchantments. (MR+) [potion of mutation]
  3774 | D:6      | Gained mutation: Armour fits poorly on your strangely shaped body. [potion of mutation]
  3774 | D:6      | Gained mutation: You are frail. (-10% HP) [potion of mutation]
  3779 | D:6      | Lost mutation: You are frail. (-10% HP) [potion of cure mutation]
  3779 | D:6      | Lost mutation: Armour fits poorly on your strangely shaped body. [potion of cure mutation]
  3779 | D:6      | Lost mutation: You are resistant to hostile enchantments. (MR+) [potion of cure mutation]
  3801 | D:6      | Noticed Blork the orc
  3805 | D:6      | XOM: cleaving
  3834 | D:6      | Slain by Blork the orc

Vault maps used:
D:1:      dpeg_arrival_signposts, hangedman_decor_push, minivault_5,
          serial_bayou_pond_e, nemelex_diamond_rough_becter
D:3:      grunt_gozag_breadcrumbs, first_bread
D:5:      uniq_grinder, uniq_menkaure, uniq_edmund
D:6:      serial_shops, nicolae_shop_trees, uniq_duvessa,
          uniq_crazy_yiuf_cottage, uniq_blork_the_orc

Skill      XL: |  1  2  3  4  5  6  7  8 |
---------------+-------------------------+-----
Shields        | 1 2 3 4 5 |  5.6
Unarmed Combat | 4 5 6 7 8 |  8.0
Throwing       | 3 |  3.3
Fighting       | 3 |  3.3
Dodging        | |  1.9

Action                   |  1- 3 |  4- 6 |  7- 9 || total
-------------------------+-------+-------+-------++-------
Melee: Unarmed           |    87 |    75 |   168 ||   330
Throw: Large rock        |       |     7 |    10 ||    17
  Use: Scroll            |     7 |       |     8 ||    15
       Potion            |       |     1 |     6 ||     7
  Eat: Chunk             |    13 |     8 |    11 ||    32
       Pizza             |     1 |       |       ||     1
       Beef jerky        |     1 |       |       ||     1
Armor: Robe              |    29 |    15 |    58 ||   102
Dodge: Dodged            |    19 |    15 |    50 ||    84
Block: Shield            |    37 |    40 |    88 ||   165
